 Dungeon Crawl Stone Soup version 0.28-a0-178-ga708605c5b (webtiles) character file.

Game seed: 7714655717420037418

2656 Lochraine the Thaumaturge (level 9, -3/45 HPs)
             Began as a Deep Elf Conjurer on Aug 17, 2021.
             Was a Priest of Sif Muna.
             Slain by Harold (7 damage)
             ... on level 9 of the Dungeon.
             The game lasted 00:17:13 (10003 turns).

Lochraine the Thaumaturge (Deep Elf Conjurer)      Turns: 10003, Time: 00:17:13

Health: -3/45      AC:  3    Str:  4    XL:     9   Next: 36%
Magic:  32/32      EV: 16    Int: 27    God:    Sif Muna [***...]
Gold:   563        SH:  0    Dex: 13    Spells: 14/25 levels left

rFire   . . .      SeeInvis .   j - +3 dagger (venom)
rCold   . . .      Faith    .   (no shield)
rNeg    . . .      Spirit   .   a - +0 robe
rPois   .          Reflect  .   m - +0 helmet
rElec   .          Harm     .   (no cloak)
rCorr   .          Rampage  .   (no gloves)
Will    .....                   (no boots)
Stlth   ++........              s - amulet of the acrobat
HPRegen 0.15/turn               G - +4 ring of evasion
MPRegen 0.23/turn               J - ring of magical power

@: no status effects
A: no striking features
a: Renounce Religion, Channel Magic, Forget Spell


You were on level 9 of the Dungeon.
You worshipped Sif Muna.
Sif Muna was most pleased with you.
You visited 1 branch of the dungeon, and saw 9 of its levels.
You also visited: Ossuary.

You collected 563 gold pieces.

Inventory:

Hand Weapons
 j - a +3 dagger of venom (weapon)
   (You took it off a goblin on level 2 of the Dungeon)
 I - a +2 dagger of draining
   (You took it off an orc on level 8 of the Dungeon)
Missiles
 b - 3 javelins
 c - 29 poisoned darts
Armour
 a - a +0 robe (worn)
 m - a +0 helmet (worn)
   (You found it on level 3 of the Dungeon)
 D - a +0 pair of gloves
   (You found it on level 5 of the Dungeon)
Jewellery
 o - an amulet of guardian spirit
   (You found it on level 3 of the Dungeon)
 s - an amulet of the acrobat (around neck)
   (You found it on level 3 of the Dungeon)
 E - a +4 ring of slaying
   (You found it on level 6 of the Dungeon)
 G - a +4 ring of evasion (left hand)
   (You found it on level 3 of the Dungeon)
 J - a ring of magical power (right hand)
   (You found it on level 8 of the Dungeon)
Wands
 d - a wand of iceblast (3)
   (You found it on level 4 of the Dungeon)
 t - a wand of flame (38)
   (You found it on level 6 of the Dungeon)
 x - a wand of acid (5)
   (You found it on level 8 of the Dungeon)
 L - a wand of mindburst (4)
   (You found it on level 8 of the Dungeon)
Scrolls
 f - 4 scrolls of magic mapping
 g - a scroll of acquirement {unknown}
 h - a scroll of enchant armour {unknown}
 k - a scroll of immolation {unknown}
 l - 2 scrolls of vulnerability {!r}
 n - 3 scrolls of teleportation {@r4}
 p - 2 scrolls of enchant weapon
 q - a scroll of amnesia
 u - a scroll of fear
 v - 3 scrolls of identify {unknown}
 w - 2 scrolls of blinking {unknown}
 y - a scroll of silence
 F - 2 scrolls of holy word {unknown}
Potions
 e - a potion of heal wounds {@q2}
 i - 2 potions of flight {unknown}
 r - 2 potions of curing {unknown}
 z - a potion of lignification {unknown}
 A - a potion of invisibility {unknown}
 B - a potion of might {unknown}
 C - 2 potions of attraction {unknown}
 H - a potion of brilliance {unknown}
 K - a potion of mutation {unknown}


   Skills:
 - Level 2.4 Dodging
 - Level 2.4 Stealth
 + Level 8.5 Spellcasting
 + Level 8.0 Conjurations
 - Level 5.6 Hexes
 + Level 4.7 Ice Magic
 + Level 4.2 Air Magic
 + Level 5.7 Invocations


You had 14 spell levels left.
You knew the following spells:

 Your Spells              Type           Power      Damage    Failure   Level
a - Magic Dart            Conj           100%       1d8       1%          1
b - Searing Ray           Conj           100%       3d7       1%          2
c - Dazzling Flash        Conj/Hex       96%        N/A       1%          3
d - Freezing Cloud        Conj/Ice/Air   21%        6-21      14%         5

Your spell library contained the following spells:

 Spells                   Type           Power      Damage    Failure   Level
 Corpse Rot               Necr/Air       N/A        N/A       3%          2
 Poisonous Vapours        Pois/Air       44%        N/A       3%          2
 Fulminant Prism          Conj/Hex       24%        3d13      3%          4
 Iskenderun's Mystic Bla  Conj/Tloc      33%        2d8       10%         4
 Starburst                Conj/Fire      16%        6d6       82%         6


Dungeon Overview and Level Annotations

Branches:
Dungeon (9/15)             Temple (0/1) D:7         Ossuary (visited)
   Lair: D:8-11         Orc: D:9-12

Altars:
Ashenzari
Cheibriados
Elyvilon
Kikubaaqudgha
Ru
Sif Muna
Uskayaw
Vehumet
Xom
Zin

Annotations:
D:8 2 transporters, zero's ghost, novice GrCj
D:9 Harold


Message History

The centaur shouts!
You hear two shouts!
You hear a shout! x3
The deep elf pyromancer shouts!
The tengu conjurer shouts!
You see here a water moccasin skeleton.
L - a wand of mindburst (4)
f - 4 scrolls of magic mapping (gained 1)
You see here a water moccasin skeleton.
There is an open door here.
You open the door.
There is an open door here.
You now have 563 gold pieces (gained 14).
Partly explored, unvisited transporter.
Partly explored, unvisited transporter.
(D) Dungeon (T) Temple
Where to? (Enter - D:7, ? - help)
Okay, then.
(D) Dungeon (T) Temple
Where to? (Enter - D:7, ? - help)
You open the door.
There is an open door here.
You see here a +0 leather armour.
There is an open door here.
There is a stone staircase leading up here.
You climb upwards.
There is a stone staircase leading down here.
(D) Dungeon (T) Temple
Where to? (Enter - D:7, ? - help)
You climb downwards.
Level annotation: 2 transporters, zero's ghost, novice GrCj
There is a stone staircase leading up here.
Partly explored, unvisited transporter.
(D) Dungeon (T) Temple
Where to? (Enter - D:8, ? - help)
There is an open door here.
There is a stone staircase leading down here.
You climb downwards.
Harold the Weathered comes into view.
He is wielding a +1 vorpal war axe.
Found a curved jewelled staff.
There is a stone staircase leading up here.
The helpless Harold fails to defend himself.
You hit Harold.
Harold is poisoned.
Harold hits you with a +1 vorpal war axe!
Here: Harold, wielding a +1 vorpal war axe, wearing a +0 chain mail and quivering 3 throwing nets (lightly wounded, very poisoned)
The floor.
Unknown command.
Aim: Harold, wielding a +1 vorpal war axe, wearing a +0 chain mail and quivering 3 throwing nets (lightly wounded, very poisoned, 86% to hit)
The bolt of acid hits Harold!
Harold is splashed with acid.
Harold hits you with a +1 vorpal war axe!!
Ouch! That really hurt!
* * * LOW HITPOINT WARNING * * *
You die...

###+######
#........#
#.......|#
#........#
+........+
#....@@..#
##########


You could see Harold (very poisoned).

Vanquished Creatures
  5 yaks (D:8)
  3 water moccasins
  2 ice beasts
  A sky beast (D:6)
  An ogre (D:4)
  2 phantoms (D:6)
  A bullfrog (D:7)
  A scorpion (D:5)
  A howler monkey (D:8)
  A hound (D:6)
  A jelly (D:5)
  2 bullfrog zombies
  2 centaur zombies
  4 orc priests
  2 gnoll shamans
  A centaur skeleton (D:7)
  Jessica (D:2)
  An orc wizard (D:5)
  Natasha (D:3)
  A killer bee zombie (D:7)
  A hound skeleton (D:4)
  8 mummies (Ossuary)
  13 gnolls
  7 adders
  2 white imps
  2 worms (D:2)
  3 dart slugs
  21 orcs
  10 ball pythons
  4 bats
  2 bat zombies (D:5)
  7 endoplasms
  3 giant cockroaches
  2 gnoll zombies (Ossuary)
  15 goblins
  7 hobgoblins
  9 kobolds
  5 quokkas
  4 frilled lizards
  2 goblin zombies (D:4)
  3 hobgoblin zombies (Ossuary)
  2 kobold zombies (Ossuary)
  An orc zombie (Ossuary)
  5 rats
  A rat zombie (D:5)
173 creatures vanquished.

Vanquished Creatures (others)
  5 plants (D:7)
5 creatures vanquished.

Grand Total: 178 creatures vanquished

Notes
Turn   | Place    | Note
-------+----------+-------------------------------------------
     0 | D:1      | Lochraine the Deep Elf Conjurer began the quest for the
                  | Orb.
     0 | D:1      | Reached XP level 1. HP: 10/10 MP: 6/6
   291 | D:1      | Reached XP level 2. HP: 15/15 MP: 4/8
   296 | D:1      | Learned a level 2 spell: Searing Ray
   636 | D:1      | You fall into a shaft and drop 1 floor!
   972 | D:1      | Reached skill level 5 in Conjurations
   972 | D:1      | Reached XP level 3. HP: 19/19 MP: 8/10
  1345 | D:2      | Found a glowing silver altar of Zin.
  1726 | D:2      | Noticed Jessica
  1735 | D:2      | Learned a level 3 spell: Dazzling Flash
  1793 | D:2      | Killed Jessica
  1794 | D:2      | Reached skill level 1 in Hexes
  1794 | D:2      | Reached XP level 4. HP: 24/24 MP: 6/12
  2235 | D:3      | Found a shimmering blue altar of Sif Muna.
  2245 | D:3      | Became a worshipper of Sif Muna the Loreminder
  2307 | D:3      | Reached skill level 5 in Spellcasting
  2485 | D:3      | Found a shimmering altar of Xom.
  2532 | D:3      | Found a white marble altar of Elyvilon.
  2535 | D:3      | Found a broken altar of Ashenzari.
  2536 | D:3      | Found a snail-covered altar of Cheibriados.
  2889 | D:3      | Noticed Natasha
  2896 | D:3      | Killed Natasha
  2897 | D:3      | Reached skill level 1 in Invocations
  2897 | D:3      | Reached XP level 5. HP: 19/28 MP: 5/14
  3511 | D:4      | Reached * piety under Sif Muna
  3812 | D:4      | Found a sand-covered staircase.
  3819 | Ossuary  | Entered an ossuary
  3855 | Ossuary  | Reached XP level 6. HP: 30/32 MP: 5/16
  4721 | D:4      | Reached ** piety under Sif Muna
  5038 | D:4      | Learned a level 5 spell: Freezing Cloud
  5192 | D:5      | Entered Level 5 of the Dungeon
  5198 | D:5      | Reached XP level 7. HP: 36/36 MP: 13/18
  5781 | D:5      | Reached skill level 1 in Ice Magic
  5781 | D:5      | Reached skill level 1 in Air Magic
  6076 | D:5      | Found a radiant altar of Vehumet.
  6428 | D:5      | Found a sacrificial altar of Ru.
  6744 | D:5      | Found an ancient bone altar of Kikubaaqudgha.
  6961 | D:6      | Reached *** piety under Sif Muna
  7082 | D:6      | Reached XP level 8. HP: 41/41 MP: 15/20
  7087 | D:6      | Reached skill level 5 in Hexes
  8411 | D:7      | Found a hide-covered altar of Uskayaw.
  8718 | D:7      | Noticed a deep elf pyromancer
  8804 | D:7      | Found a staircase to the Ecumenical Temple.
  9057 | D:8      | Noticed zero's ghost (novice GrCj)
  9064 | D:8      | Found a transporter.
  9071 | D:8      | Found a transporter.
  9130 | D:8      | Noticed a cyclops
  9491 | D:8      | Reached skill level 5 in Invocations
  9581 | D:8      | Noticed a two-headed ogre
  9581 | D:8      | Noticed a tengu conjurer
  9581 | D:8      | Noticed a deep elf pyromancer
  9582 | D:8      | Noticed a centaur warrior
  9582 | D:8      | Noticed a tengu warrior
  9582 | D:8      | Noticed a centaur warrior
  9621 | D:8      | Noticed a troll
  9646 | D:8      | Reached XP level 9. HP: 31/45 MP: 23/23
 10001 | D:9      | Noticed Harold
 10003 | D:9      | Slain by Harold

Illustrated notes

Levels and vault maps discovered:
D:1:      sevenhm_arrival_forest_fort_large_4, layout_loops_ring,
          minmay_pentomino_t4
D:2:      layout_loops_cross, basic_altar, minmay_misc_feat_iff,
          nicolae_underground_beach, uniq_jessica
D:3:      layout_loops_ring, mainiacjoe_overflow_tiny_flanked,
          mainiacjoe_overflow_chevrons,
          chequers_temple_overflow_statue_of_worship, minmay_misc_feat_columns,
          uniq_natasha
D:4:      layout_layer_cave, enter_ossuary_4, minmay_checkerbox
D:5:      layout_layer_cave, lemuel_doored_altar,
          lemuel_zombie_altar_kikubaaqudgha, lemuel_tele_altar
D:6:      layout_loops_ring, minmay_misc_feat_rows, nrook_loot_triangle,
          hangedman_decor_riveting
D:7:      layout_loops_ring, mainiacjoe_overflow_brackets,
          mainiacjoe_overflow_alcove_1, minmay_temple_entry_gardened_gates
D:8:      layout_gridville, gammafunk_ghost_arena, minivault_12
D:9:      layout_roguey, mainiacjoe_overflow_catwalk, david_lair_shrubbed,
          minmay_guarded_unrand_staff_of_olgreb, uniq_harold

Skill      XL: |  1  2  3  4  5  6  7  8  9 |
---------------+----------------------------+-----
Spellcasting   | 4 5 6 8 |  8.5
Conjurations   | 5 6 7 8 |  8.0
Hexes          | 1 2 4 5 |  5.6
Invocations    | 1 2 3 5 |  5.7
Ice Magic      | 2 4 |  4.7
Air Magic      | 1 3 4 |  4.2
Dodging        | |  2.4
Stealth        | |  2.4

Action                   |  1- 3 |  4- 6 |  7- 9 || total
-------------------------+-------+-------+-------++-------
Melee: Unarmed           |     8 |       |       ||     8
       Dagger            |     7 |    82 |    55 ||   144
Throw: Javelin           |       |     3 |       ||     3
 Cast: Magic Dart        |    71 |   111 |    72 ||   254
       Searing Ray       |     2 |     8 |    29 ||    39
       Dazzling Flash    |       |       |     6 ||     6
Evoke: Wand              |       |     4 |     1 ||     5
  Use: Potion            |       |     2 |     1 ||     3
       Scroll            |       |     1 |     7 ||     8
 Stab: Sleeping          |       |     2 |     1 ||     3
       Invisible         |       |       |     1 ||     1
Armor: Robe              |       |    10 |    11 ||    21
Dodge: Dodged            |    20 |    78 |   117 ||   215

Table legend: (Time is in decaauts)
 A = Elapsed time spent in this place.
 B = Non-inter-level travel time spent in this place.
 C = Inter-level travel time spent in this place.
 D = Time resting spent in this place.
 E = Time spent auto-exploring this place.
 F = Levels seen in this place.
 G = Mean time per level.
                   A        B        C        D        E       F      G
               +--------+--------+--------+--------+--------+-----+--------+
         Total |  10005 |   9792 |    213 |    748 |   7861 |  10 | 1000.5 |
       Dungeon |   9450 |   9237 |    213 |    550 |   7649 |   9 | 1050.0 |
       Ossuary |    555 |    555 |      0 |    198 |    212 |   1 |  555.0 |
               +--------+--------+--------+--------+--------+-----+--------+

Top non-repeatable levels by time:
     D:5: 1740 daAuts
     D:6: 1394 daAuts
     D:4: 1363 daAuts
     D:1: 1339 daAuts
     D:3: 1099 daAuts
     D:8: 1062 daAuts
     D:2: 836 daAuts
     D:7: 610 daAuts
 Ossuary: 555 daAuts
     D:9: 1 daAuts
